[Event "Live Chess"]
[Site "Chess.com"]
[Date "2024.06.02"]
[Round "-"]
[White "juniortay"]
[Black "halfberg"]
[Result "1-0"]
[WhiteElo "2305"]
[BlackElo "1914"]
[TimeControl "300"]
[EndTime "7:32:27 PDT"]
[Termination "juniortay won by resignation"]

1. e4 c5 2. Nf3 Nc6 3. b4 cxb4 4. d4 e6 5. a3 bxa3 6. c3 d5 7. e5 f6 8. Bxa3 Bxa3 9. Nxa3 a6 10. Nb5 Rb8 11.
Nd6+ Kf8 12. Bd3 Nge7 13. O-O Bd7 14. Re1 fxe5 15. dxe5 Be8 16. Ng5 Nxe5 17. Nxe6+ Kg8 18. Nxd8 1-0

[Event "Live Chess"]
[Site "Chess.com"]
[Date "2024.06.02"]
[Round "-"]
[White "GEMdzq"]
[Black "RichardABates"]
[Result "0-1"]
[WhiteElo "2269"]
[BlackElo "2375"]
[TimeControl "300"]
[EndTime "7:32:29 PDT"]
[Termination "RichardABates won on time"]

1. e4 c5 2. d4 cxd4 3. c3 Nf6 4. e5 Nd5 5. Qxd4 e6 6. Bd3 Nc6 7. Qe4 f5 8. exf6 Nxf6 9. Qh4 Be7 10. Nf3 O-O 11. Bg5 h6 12. Bxh6 gxh6 13. Qxh6 Rf7 14. h4 Bf8 15. Qd2 e5 16. Ng5 d5 17.
Nxf7 Kxf7 18. Qg5 e4 19. Be2 Qd6 20. Nd2 Qe5 21. O-O-O Qxg5 22. hxg5 Ng4 23. Nb3 Nxf2 24.
Rhf1 e3 25. Rxd5 Be6 26. Rd3 Bxb3 27. Rxe3 Bc5 28. Rf3+ Kg7 29. axb3 Rf8 30. Kc2 Ne5 31. Rxf8 Kxf8 32. b4 Bb6 33. Bf3 Nc4 34. Ra1 Kg7 35. Bxb7 Kg6 36. b3 Ne3+ 37. Kd2 Kxg5 38. c4 Bd4 39. Ra5+ Kf4 40. Bf3 Nf1+ 41. Ke1 Ng3 42. Rd5 Be3 43. c5 Nfe4 44. c6 Bf2+ 45. Kd1 Nc3+ 46. Kc2 Nxd5 47. Bxd5 Bb6 48. Bf3 Ke5 49. b5 Nf5 50. Kc3 Nd4 51. Kc4 Kd6 52. Be4 Ne6 53. b4 Ng5 54. Bf3 Nf7 55. Bd5 Ne5+ 0-1

[Event "Live Chess"]
[Site "Chess.com"]
[Date "2024.06.02"]
[Round "-"]
[White "blunderabit"]
[Black "Inglaterra"]
[Result "1-0"]
[WhiteElo "1778"]
[BlackElo "2035"]
[TimeControl "300"]
[EndTime "7:32:32 PDT"]
[Termination "blunderabit won by checkmate"]

1. e4 e5 2. Nf3 Nc6 3. Bb5 a6 4. Ba4 Nf6 5. O-O Be7 6. Re1 b5 7. Bb3 d6 8. a4 Bb7 9. axb5 axb5 10. Rxa8 Qxa8 11. d3 O-O 12. Nbd2 Nd7 13. c3 Nc5 14. Bc2 Ne6 15. Nf1 b4 16. d4 Nf4 17. d5 Na5 18.
Bxf4 exf4 19. cxb4 Nc4 20. Qd4 Nb6 21. Qd2 Bf6 22. Qxf4 Bxb2 23. e5 Nxd5 24. Qh4 g6 25. Ng5 h5 26. e6 f6 27. Bxg6 fxg5 28. Qxg5 Bg7 29. Qxh5 Rf6 30. Bh7+ Kf8 31. Ng3 Nf4 32. e7# 1-0

[Event "Live Chess"]
[Site "Chess.com"]
[Date "2024.06.02"]
[Round "-"]
[White "TheSmoulderingMaster"]
[Black "E2E4colchester"]
[Result "1-0"]
[WhiteElo "1771"]
[BlackElo "1173"]
[TimeControl "300"]
[EndTime "7:32:35 PDT"]
[Termination "TheSmoulderingMaster won by checkmate"]

1. e4 c5 2. Nf3 Nc6 3. d4 cxd4 4. Nxd4 Nxd4 5. Qxd4 e6 6. Nc3 Be7 7. Qxg7 Bf6 8. Qg3 Ne7 9. e5 Nf5 10. Qf4 Bg7 11.
Bd3 d5 12. Bxf5 exf5 13. Be3 Be6 14. O-O-O O-O 15. h3 Rc8 16. g4 Qd7 17. gxf5 Bxf5 18. Nxd5 Rxc2+ 19. Kb1 Rxf2+ 20. Ka1 Rxf4 21. Nxf4 Qb5 22.
Rhg1 Qxe5 23. Bd4 Qe4 24. Rxg7+ Kh8 25. Rxf7+ Kg8 26. Rg7+ Kh8 27. Rxb7+ Kg8 28. Rg1+ Bg6 29. Rg7+ Kh8 30. Nxg6+ hxg6 31. Rd7+ Kg8 32. Rg7+ Kh8 33. R7xg6+ Kh7 34. Rg7+ Kh6 35. R1g6+ Qxg6 36. Rxg6+ Kxg6 37. b4 Rh8 38. Bxh8 Kh5 39. Bf6 Kg6 40. Bd8 Kh5 41. h4 a6 42. Kb2 Kg6 43. Ka3 Kf7 44.
Ka4 Ke8 45. Bg5 Kf7 46. Ka5 Kg6 47. Kxa6 Kf5 48. a4 Kg6 49. Kb6 Kh5 50. a5 Kg6 51.
Kc6 Kh5 52. b5 Kg6 53. a6 Kh5 54. b6 Kg6 55. a7 Kh5 56. b7 Kg6 57. a8=Q Kh5 58.
b8=Q Kg6 59. Qg8+ Kh5 60. Qae8+ Kg4 61. Qge6+ Kg3 62. Qe3+ Kg2 63. Q8e4+ Kh2 64. Bf4# 1-0

[Event "Live Chess"]
[Site "Chess.com"]
[Date "2024.06.02"]
[Round "-"]
[White "Purple1szed"]
[Black "gmnorfolk"]
[Result "1-0"]
[WhiteElo "2013"]
[BlackElo "2143"]
[TimeControl "300"]
[EndTime "7:32:37 PDT"]
[Termination "Purple1szed won by resignation"]

1. e4 c5 2. c3 d5 3. exd5 Qxd5 4. d4 Nc6 5. Nf3 Bg4 6. Be2 cxd4 7. cxd4 e6 8. Nc3 Qa5 9. O-O Nf6 10. Be3 Bd6 11.
h3 Bh5 12. Rc1 O-O 13. a3 Rfd8 14. b4 Qb6 15. d5 Nxd5 16. Bxb6 Nxc3 17. Rxc3 Bh2+ 18.
Nxh2 Rxd1 19. Bxd1 Bxd1 20. Rxd1 axb6 21. Nf3 1-0

[Event "Live Chess"]
[Site "Chess.com"]
[Date "2024.06.02"]
[Round "-"]
[White "ClassyChameleon"]
[Black "FMOlexandrProhorov"]
[Result "0-1"]
[WhiteElo "1535"]
[BlackElo "2337"]
[TimeControl "300"]
[EndTime "7:32:40 PDT"]
[Termination "FMOlexandrProhorov won by checkmate"]

1. e4 c5 2. Nf3 e6 3. d4 cxd4 4. Nxd4 Qb6 5. c3 Bc5 6. Be3 Qxb2 7. Nd2 Nc6 8. Nxc6 Bxe3 9. fxe3 bxc6 10. Bc4 Qxc3 11. O-O Qxe3+ 12. Kh1 Nf6 13. Re1 Qg5 14. Nf3 Qh5 15. Qd6 Qa5 16. e5 Nd5 17. Ng5 Qb4 18. Qxb4 Nxb4 19. Rf1 O-O 20. Rac1 Ba6 21. a3 Bxc4 22.
Rxc4 Nd5 23. Rh4 h6 24. Ne4 Rab8 25. Nd6 Rb2 26. h3 Ne3 27. Rg1 Nf5 28. Ra4 Nxd6 29. exd6 Rb7 30. Rf1 f5 31. Rff4 e5 32. Rf1 g6 33. Rd1 Kf7 34. g3 Ke6 35. Kg2 Rfb8 36. Kf1 Rb2 37. Rxa7 R8b3 38. a4 Rxg3 39. Ra8 Rxh3 40.
Re8+ Kf6 41. Re7 Rh1# 0-1

[Event "Live Chess"]
[Site "Chess.com"]
[Date "2024.06.02"]
[Round "-"]
[White "80Times"]
[Black "r0ad_t0-gm"]
[Result "1-0"]
[WhiteElo "1900"]
[BlackElo "2253"]
[TimeControl "300"]
[EndTime "7:32:57 PDT"]
[Termination "80Times won by checkmate"]

1. e4 Nf6 2. e5 Nd5 3. c4 Nb6 4. d4 d6 5. f4 dxe5 6. fxe5 Nc6 7. Be3 Bf5 8. Nc3 e6 9. Nf3 Bb4 10.
Be2 O-O 11. O-O Na5 12. Nd2 Qd7 13. g4 Bg6 14. h4 f6 15. h5 Be8 16. exf6 Rxf6 17.
Rxf6 gxf6 18. Bd3 e5 19. Bf5 Qe7 20. d5 Naxc4 21. Be6+ Bf7 22. Bxb6 Nxb6 23. Nde4 Bxe6 24. dxe6 Qxe6 25. Qf3 Rf8 26. Rf1 Kg7 27. h6+ Kxh6 28.
Nxf6 Kg6 29. Qe4+ Kg7 30. Qxh7# 1-0

[Event "Live Chess"]
[Site "Chess.com"]
[Date "2024.06.02"]
[Round "-"]
[White "WorcesterYork"]
[Black "agamilewska"]
[Result "1-0"]
[WhiteElo "2452"]
[BlackElo "1766"]
[TimeControl "300"]
[EndTime "7:33:01 PDT"]
[Termination "WorcesterYork won by resignation"]

1. e4 e5 2. Nf3 Nc6 3. Bc4 h6 4.
c3 Nf6 5. Qe2 Be7 6. d4 exd4 7.
cxd4 O-O 8. e5 Bb4+ 9. Nc3 Bxc3+ 10. bxc3 Re8 11. O-O d5 12. Bd3 Bg4 13. h3 Bh5 14.
Qe3 Nd7 15. Qf4 Bxf3 16. Qxf3 Nf8 17. Rb1 Ng6 18. Rxb7 Qc8 19. Rb1 Qe6 20. Qg3 Kh7 21. f4 Kh8 22. f5 1-0

[Event "Live Chess"]
[Site "Chess.com"]
[Date "2024.06.02"]
[Round "-"]
[White "joellloyd"]
[Black "Grace6363"]
[Result "1-0"]
[WhiteElo "1895"]
[BlackElo "1129"]
[TimeControl "300"]
[EndTime "7:33:04 PDT"]
[Termination "joellloyd won by checkmate"]

1. e4 c5 2. d4 cxd4 3. c3 dxc3 4.
Nxc3 Nc6 5. Nf3 g6 6. Bc4 Bg7 7.
e5 e6 8. Bf4 d5 9. exd6 Bxc3+ 10.
bxc3 e5 11. Nxe5 Qa5 12. O-O Qxc3 13. d7+ Ke7 14. dxc8=Q Rxc8 15. Qd7+ Kf6 16. Qxf7# 1-0

[Event "Live Chess"]
[Site "Chess.com"]
[Date "2024.06.02"]
[Round "-"]
[White "Queensandpawns"]
[Black "CarmelJane"]
[Result "0-1"]
[WhiteElo "2264"]
[BlackElo "2024"]
[TimeControl "300"]
[EndTime "7:33:09 PDT"]
[Termination "CarmelJane won by resignation"]

1. e4 g6 2. Nc3 Bg7 3. d4 c5 4. Be3 cxd4 5. Bxd4 Nf6 6. e5 Nh5 7. e6 Bxd4 8. Qxd4 O-O 9. exf7+ Rxf7 10. Bc4 e6 11. Bxe6 Qe7 12. O-O-O Qxe6 13. Nf3 Nc6 14.
Qh4 Rf4 15. Qg5 Rf5 16. Qh6 Qf6 17. Rhe1 Qf8 18. Qe3 Nf4 19. Ne4 d5 20. Ng3 Nxg2 21. Qb3 Rxf3 22. Qxd5+ Kg7 23. b4 Nxe1 24. b5 Ne7 25.
Qg5 Qf4+ 0-1

[Event "Live Chess"]
[Site "Chess.com"]
[Date "2024.06.02"]
[Round "-"]
[White "Pandreq"]
[Black "gobbles19"]
[Result "0-1"]
[WhiteElo "1237"]
[BlackElo "2208"]
[TimeControl "300"]
[EndTime "7:33:25 PDT"]
[Termination "gobbles19 won on time"]

1. d4 Nf6 2. c4 e6 3. a3 c5 4. d5 exd5 5. cxd5 d6 6. Nc3 g6 7. Bd2 Bg7 8. Nf3 O-O 9. e4 Re8 10. Qc2 Bg4 11. Be2 Nbd7 12. h3 Bxf3 13. Bxf3 Ne5 14.
Qd1 Nd3+ 15. Kf1 Nxb2 16. Qb3 Nd3 17. Qxb7 Rb8 18. Qxa7 Rb2 19. Be3 Nd7 20. Qa6 N3e5 21. Be2 Rb6 22. Qa4 Nd3 23. Bxd3 Bxc3 24. Rc1 Bg7 25. g3 Nf6 26. Kg2 Qe7 27. f3 Nxd5 28. Bxc5 Rb2+ 29. Bf2 Nb6 30. Qd1 Rb8 31. a4 Qe5 32.
Bb5 h5 33. Re1 h4 34. Re2 hxg3 35. Bxg3 Qg5 36. Rxb2 Bxb2 37. Rc6 Be5 38. Qe1 Nxa4 39. Bxa4 Rb2+ 40. Kf1 Bxg3 41. Rc8+ Kh7 42. Qc3 Rb1+ 43.
Ke2 Be5 0-1

[Event "Live Chess"]
[Site "Chess.com"]
[Date "2024.06.02"]
[Round "-"]
[White "gunslinger222"]
[Black "degringolade64"]
[Result "1/2-1/2"]
[WhiteElo "2273"]
[BlackElo "2085"]
[TimeControl "300"]
[EndTime "7:33:29 PDT"]
[Termination "Game drawn by agreement"]

1. d4 Nf6 2. c4 e6 3. Nc3 Bb4 4. e3 O-O 5. Bd3 d5 6. Ne2 dxc4 7. Bxc4 c5 8. a3 Bxc3+ 9. bxc3 Qc7 10. Ba2 Nc6 11.
f3 Rd8 12. O-O b6 13. Bb2 Ba6 14. Qd2 Na5 15. Rfd1 Bc4 16. Ng3 Bxa2 17. Rxa2 Nc4 18. Qe2 cxd4 19. cxd4 Nxb2 20. Rxb2 Rac8 21. e4 Qc3 22.
Rbd2 Qxa3 23. d5 exd5 24. e5 Qc5+ 25. Kh1 Ne8 26. Nf5 g6 27. Nd4 Nc7 28. f4 Ne6 29. f5 Nxd4 30. Rxd4 Qc2 31. Qxc2 Rxc2 32. g4 Re2 33. Rxd5 Rxd5 34. Rxd5 gxf5 35. gxf5 Kg7 36. e6 fxe6 37. Rd7+ Kf6 38. fxe6 Rxe6 39. Rxa7 Kg6 40. Rb7 Rf6 41. Kg2 Re6 1/2-1/2

[Event "Live Chess"]
[Site "Chess.com"]
[Date "2024.06.02"]
[Round "-"]
[White "seasidecastle27"]
[Black "Duke_of_Bebington"]
[Result "1-0"]
[WhiteElo "1934"]
[BlackElo "1588"]
[TimeControl "300"]
[EndTime "7:33:49 PDT"]
[Termination "seasidecastle27 won by resignation"]

1. d4 d5 2. Nf3 Nf6 3. Bf4 c6 4. e3 Bf5 5. Bd3 Bxd3 6. Qxd3 Nbd7 7. Nbd2 e6 8. O-O-O Be7 9. e4 dxe4 10. Nxe4 Nd5 11.
Nd6+ Bxd6 12. Bxd6 N7b6 13. Ba3 Nd7 14. Rhe1 N7f6 15.
c4 Nf4 16. Qe3 Nxg2 17. Qg5 Nxe1 18. Rxe1 g6 19. d5 cxd5 20. cxd5 Rc8+ 21. Kb1 Qxd5 22.
Qxf6 Qf5+ 23. Qxf5 gxf5 24. Nd4 a6 25. Nxf5 Rg8 26.
Nd6+ Kd7 27. Nxc8 Kxc8 1-0

[Event "Live Chess"]
[Site "Chess.com"]
[Date "2024.06.02"]
[Round "-"]
[White "Ferrarifan27"]
[Black "MagnersCarlsberg2870"]
[Result "1-0"]
[WhiteElo "2140"]
[BlackElo "1773"]
[TimeControl "300"]
[EndTime "7:34:06 PDT"]
[Termination "Ferrarifan27 won by resignation"]

1. e4 d5 2. exd5 Qxd5 3. Nc3 Qa5 4. d4 Nf6 5. Bd2 Bg4 6. Be2 h5 7. h3 Bxe2 8. Ngxe2 Qf5 9. O-O Nc6 10. Be3 O-O-O 11. Qc1 Kb8 12. b3 e5 13. dxe5 Nxe5 14. a4 Nfg4 15. Ng3 Qh7 16. Bf4 Bd6 17. Nb5 h4 18. Ne2 Nf6 19. Nxd6 cxd6 20. Qb2 Qh5 21. Rfe1 Qf5 22.
Rad1 g5 23. Bxe5 dxe5 24. Nc1 Ne4 25. f3 Ng3 26. Rxd8+ Rxd8 27. Nd3 f6 28. Qa3 Qe6 29. Qb4 Qc6 30. Qc5 Qa6 31. Nb4 Qe2 32. Rxe2 Rd1+ 33. Kf2 Rf1+ 34. Ke3 1-0

[Event "Live Chess"]
[Site "Chess.com"]
[Date "2024.06.02"]
[Round "-"]
[White "davigator"]
[Black "Larchikov"]
[Result "1-0"]
[WhiteElo "2338"]
[BlackElo "2107"]
[TimeControl "300"]
[EndTime "7:34:15 PDT"]
[Termination "davigator won by resignation"]

1. e4 e5 2. Nf3 Nc6 3. Bc4 Bc5 4. c3 Nf6 5. d3 d6 6. O-O O-O 7. Nbd2 Be6 8. Bxe6 fxe6 9. b4 Bb6 10. Nc4 Qe7 11.
a4 d5 12. Ncxe5 Nxe5 13. Nxe5 c6 14. Qe2 dxe4 15. dxe4 Bc7 16. Nc4 Qf7 17. f3 Nh5 18. e5 Rad8 19. Be3 Nf4 20. Qc2 b5 21. axb5 cxb5 22. Nd6 Bxd6 23. exd6 Rd7 24. Bc5 Nd5 25. c4 bxc4 26. Qxc4 Qg6 27. Kh1 Nf4 28. Ra2 Kh8 29.
Re1 h6 30. Qe4 Qh5 31. Rd2 a5 32. Qc6 Qf7 33. bxa5 Nd5 34. a6 Qf4 35. Rde2 Rdf7 36.
a7 Nc3 37. Re4 Nxe4 38. Qxe4 Qxe4 39. Rxe4 Rd7 40. Rxe6 Kg8 41. h4 Rc8 42. Re7 Rxe7 43. dxe7 Kf7 44. Bd6 Ra8 45. Bb8 Kxe7 46. g4 Kf6 47.
Kg2 Kf7 48. Kg3 Kf6 49. Kf4 Kf7 50. Kf5 g6+ 51. Ke5 Kg7 52. Ke6 Kh7 53. Kf7 g5 54. h5 Kh8 55. Kg6 Kg8 56. Kxh6 Kh8 57. Kxg5 Kg8 58. Kg6 Kh8 59. f4 Kg8 60. f5 Kh8 61. f6 Kg8 62. f7+ 1-0

[Event "Live Chess"]
[Site "Chess.com"]
[Date "2024.06.02"]
[Round "-"]
[White "imchessive"]
[Black "V1nas"]
[Result "1/2-1/2"]
[WhiteElo "1583"]
[BlackElo "1320"]
[TimeControl "300"]
[EndTime "7:34:23 PDT"]
[Termination "Game drawn by agreement"]

1. d4 d5 2. c4 e6 3. Nf3 c5 4. cxd5 exd5 5. Nc3 c4 6. g3 Bb4 7. Bg2 Nc6 8. O-O Nge7 9. a3 Ba5 10. b4 Bc7 11.
Nb5 O-O 12. Nxc7 Qxc7 13. Bf4 Qd8 14. Ne5 Nxe5 15. Bxe5 f6 16. Bf4 Ng6 17. Qc1 Nxf4 18. Qxf4 b5 19. e4 Bb7 20. exd5 Bxd5 21. Rfe1 Bxg2 22.
Kxg2 Qd5+ 23. Qe4 Rad8 24. Rac1 Kf7 25. Rcd1 f5 26. Qxd5+ Rxd5 27. Re5 Rxe5 28. dxe5 Ke6 29. f4 g5 30. Rd6+ Ke7 31. fxg5 f4 32. h4 Rc8 33. gxf4 c3 34. Rd1 c2 35. Rc1 Rc3 36. Kf2 Rc4 37.
Ke3 Ke6 38. Kd3 Rxf4 39. Rxc2 Rxh4 40. Rc5 Rh3+ 41. Ke4 Rxa3 42. Rxb5 Ra1 43. Rb7 Re1+ 44. Kf4 Rf1+ 45. Kg4 Rg1+ 46. Kf4 Rf1+ 47. Kg3 Kxe5 48. Rxa7 Rg1+ 49. Kh4 Rh1+ 50. Kg3 Rg1+ 51. Kf3 Rf1+ 52. Ke2 Rb1 53. Rxh7 Rxb4 54. Kf3 Kf5 55. Rg7 Rf4+ 56. Ke3 Rg4 1/2-1/2

[Event "Live Chess"]
[Site "Chess.com"]
[Date "2024.06.02"]
[Round "-"]
[White "DoctorMantisTobogganMD"]
[Black "GerardATHart"]
[Result "1-0"]
[WhiteElo "2240"]
[BlackElo "1412"]
[TimeControl "300"]
[EndTime "7:34:36 PDT"]
[Termination "DoctorMantisTobogganMD won by resignation"]

1. e4 e5 2. Nc3 Nf6 3. Bc4 Nc6 4. d3 Bc5 5. f4 d6 6. Nf3 Bg4 7.
Na4 Bb4+ 8. c3 Ba5 9. b4 Bb6 10. Nxb6 axb6 11. O-O O-O 12. h3 Bd7 13. fxe5 Nxe5 14.
Nxe5 dxe5 15. Bg5 b5 16. Bb3 Ra6 17. Qf3 Rd6 18. Rad1 Be6 19. Bxf6 Bxb3 20. Bxd8 Bxd1 21. Rxd1 Rfxd8 22. Qe3 b6 23. Kf2 c5 24. bxc5 bxc5 25. Qxc5 1-0

[Event "Live Chess"]
[Site "Chess.com"]
[Date "2024.06.02"]
[Round "-"]
[White "kylet1990"]
[Black "lyricalschemes"]
[Result "0-1"]
[WhiteElo "750"]
[BlackElo "2221"]
[TimeControl "300"]
[EndTime "7:34:38 PDT"]
[Termination "lyricalschemes won by resignation"]

1. e4 Nf6 2. e5 Nd5 3. Bc4 Nb6 4. Bb3 d5 5. Nf3 c5 6. d4 c4 7. Bxc4 dxc4 8. Bf4 e6 9. Nc3 Nc6 10. Ng5 Be7 11.
Nxf7 Kxf7 12. Qh5+ g6 13. Qh6 Nxd4 14. O-O Nf5 15. Qh3 Bd7 16. Ne4 h6 17. g4 Nh4 18.
Bg3 Nf3+ 19. Kg2 Ng5 20. Nxg5+ hxg5 21. Bh4 Rxh4 22. Qf3+ Kg7 23. Rfe1 Bc6 24. Re4 Qd5 25. Rae1 Qxe5 26. Rxe5 Bxf3+ 27. Kxf3 Rf8+ 28. Kg3 Bd6 29. Kg2 Rxg4+ 0-1

[Event "Live Chess"]
[Site "Chess.com"]
[Date "2024.06.02"]
[Round "-"]
[White "ShanthamGrarks"]
[Black "KeithArkell"]
[Result "0-1"]
[WhiteElo "1902"]
[BlackElo "2412"]
[TimeControl "300"]
[EndTime "7:34:43 PDT"]
[Termination "KeithArkell won by resignation"]

1. d4 e6 2. Nc3 d5 3. g3 Nf6 4. Bg2 c5 5. Bg5 cxd4 6. Qxd4 Nc6 7. Qd2 Be7 8. Nf3 Bd7 9. O-O O-O 10. a3 Rc8 11. Rac1 h6 12. Be3 Na5 13. Bxa7 Nc4 14. Qe1 b6 15. b3 Nxa3 16. Ne5 Qc7 17. Nxd7 Nxd7 18. Bxb6 Qxb6 19. Na4 Qb4 20. Qxb4 Bxb4 21. e4 dxe4 22. Bxe4 Nc5 23. Nxc5 Bxc5 24. c3 Nb5 25. Bd3 Nxc3 26. Ba6 Rc6 27. Bb7 Ne2+ 28. Kg2 Rc7 29. Rc2 Nd4 30. Rc4 Rxb7 31. Rxc5 Nxb3 32. Rb5 Rxb5 33. Rc1 Nxc1 0-1

[Event "Live Chess"]
[Site "Chess.com"]
[Date "2024.06.02"]
[Round "-"]
[White "Mikhail_Golubev"]
[Black "booktrunk"]
[Result "1-0"]
[WhiteElo "2493"]
[BlackElo "1491"]
[TimeControl "300"]
[EndTime "7:34:56 PDT"]
[Termination "Mikhail_Golubev won by checkmate"]

1. e4 b6 2. d4 Bb7 3. Bd3 e6 4. Nf3 h6 5. O-O Nf6 6. Re1 Bb4 7. c3 Be7 8. e5 Nh7 9. Nbd2 f6 10. exf6 Nxf6 11.
Bg6+ Kf8 12. Ne5 Rg8 13. Nf7 Qc8 14. Nf3 c5 15. Bf4 Qc6 16. N7e5 Qc8 17. Nh4 Nc6 18. Bh5 Nxe5 19. dxe5 g5 20. exf6 Bxf6 21. Bd6+ Kg7 22.
Qd3 Kh8 23. Ng6+ Kg7 24. Ne7 Kh8 25. Nxc8 Raxc8 26. Be5 Bg7 27. Qxd7 Bd5 28. Bxg7+ Rxg7 29. Qxc8+ Rg8 30. Qc7 Rg7 31. Qe5 Kg8 32. Rad1 Kf8 33. Rxd5 exd5 34. Qe8# 1-0

[Event "Live Chess"]
[Site "Chess.com"]
[Date "2024.06.02"]
[Round "-"]
[White "Step-S"]
[Black "silunn"]
[Result "0-1"]
[WhiteElo "1281"]
[BlackElo "2090"]
[TimeControl "300"]
[EndTime "7:35:01 PDT"]
[Termination "silunn won on time"]

1. e4 e6 2. b3 d5 3. exd5 exd5 4. Bb2 Nf6 5. Be2 Bd6 6. Nf3 Bg4 7. h3 Bh5 8. g4 Bg6 9. Nc3 c6 10. d3 h5 11. g5 Nh7 12. h4 Nd7 13. Qd2 Qc7 14. O-O-O Bf4 15. Rhe1 Bxd2+ 16. Nxd2 O-O 17. f3 Nc5 18.
Rf1 Rfe8 19. Rde1 Qf4 20. Kd1 Re3 21. Bc1 Qxh4 22. Rh1 Qb4 23. Ncb1 Rae8 24. Nf1 Rxf3 25. Bd2 Qg4 26. Nh2 Qd7 27. Nxf3 Ne6 28. Nh4 Nhxg5 29. Nxg6 fxg6 30. Nc3 Rf8 31. Rh2 Nf3 32. Bxf3 Rxf3 33. Rg1 Nf8 34. Kc1 Qf5 35. Kb2 Rf2 36.
Rxf2 Qxf2 37. Re1 Qxd2 38. Re8 Kf7 39. Rb8 Qf2 40. Rxb7+ Kf6 41. Rxa7 Qxa7 0-1

[Event "Live Chess"]
[Site "Chess.com"]
[Date "2024.06.02"]
[Round "-"]
[White "JohanKjeldahl"]
[Black "Kyrylo7770"]
[Result "1-0"]
[WhiteElo "1798"]
[BlackElo "1649"]
[TimeControl "300"]
[EndTime "7:35:13 PDT"]
[Termination "JohanKjeldahl won by checkmate"]

1. e4 c6 2. d4 d5 3. Nc3 Nf6 4. e5 Ng8 5. Bd3 h5 6. f4 Bg4 7.
Nf3 e6 8. O-O Be7 9. Be3 Nh6 10.
h3 Bf5 11. Ne2 Bxd3 12. Qxd3 Nf5 13. Bf2 Nd7 14. b3 Nb6 15. c4 Bh4 16. a4 Bxf2+ 17.
Rxf2 g6 18. a5 Nd7 19. cxd5 cxd5 20. a6 b6 21. Nc3 Nh4 22. Nb5 Nxf3+ 23. Qxf3 Qe7 24.
Nd6+ Kf8 25. Rc1 Kg7 26. Rc7 b5 27. Nxb5 Qb4 28. Rxd7 Qxb5 29. Rc7 Qxa6 30. Rfc2 Qa1+ 31. Kh2 Qxd4 32. Qg3 h4 33. Qg5 Rh5 34. Qf6+ Kh6 35. Qxf7 Qxf4+ 36. Qxf4+ Rg5 37. Rf7 Rh8 38. Qxh4+ Rh5 39.
Qf4+ Rg5 40. h4 Kh5 41. Qxg5# 1-0

[Event "Live Chess"]
[Site "Chess.com"]
[Date "2024.06.02"]
[Round "-"]
[White "LL220284LL"]
[Black "dmitro74"]
[Result "1-0"]
[WhiteElo "2467"]
[BlackElo "1746"]
[TimeControl "300"]
[EndTime "7:35:34 PDT"]
[Termination "LL220284LL won by checkmate"]

1. Nf3 d5 2. g3 c6 3. Bg2 Bf5 4. O-O Nd7 5. d3 e5 6. Nbd2 Ngf6 7. Qe1 Bc5 8. e4 dxe4 9. Nxe4 Nxe4 10. dxe4 Bg6 11.
Nh4 O-O 12. a3 a5 13. Bd2 Qb6 14. b4 axb4 15. axb4 Bd4 16. c3 Nf6 17. Rxa8 Rxa8 18. Nxg6 hxg6 19. cxd4 Qxd4 20. Bc3 Qc4 21. Bxe5 Ra2 22.
Bxf6 gxf6 23. Qb1 Rc2 24. Qa1 Kg7 25. e5 f5 26. e6+ f6 27. Qa7 Qxe6 28. Qxb7+ Kh6 29.
Qb8 Kg7 30. Qc7+ Kh6 31. Qf4+ Kg7 32. h4 Rc4 33. Qc7+ Kh6 34. Qd8 Kg7 35. Rd1 g5 36. Rd7+ Kg6 37. h5+ Kxh5 38. Qh8+ Kg4 39. Qh3# 1-0

[Event "Live Chess"]
[Site "Chess.com"]
[Date "2024.06.02"]
[Round "-"]
[White "Pablo_dmp"]
[Black "ACM42"]
[Result "1-0"]
[WhiteElo "1997"]
[BlackElo "2164"]
[TimeControl "300"]
[EndTime "7:35:43 PDT"]
[Termination "Pablo_dmp won by resignation"]

1. e4 e6 2. d4 d5 3. Nd2 Nf6 4. e5 Nfd7 5. Bd3 c5 6. c3 Nc6 7.
Ne2 f6 8. f4 Qb6 9. Nf3 Be7 10. O-O fxe5 11. fxe5 cxd4 12. cxd4 Ndxe5 13. Kh1 Nxd3 14. Qxd3 Bd7 15. Bf4 O-O 16. Ng5 Bxg5 17. Bxg5 Nb4 18. Qc3 a5 19. a3 Nc6 20. Rad1 Qb5 21.
Ng3 Qc4 22. Qe3 a4 23. Rf3 Rxf3 24. Qxf3 Rf8 25. Qh5 Nxd4 26. Qg4 h6 27. Bxh6 Nf5 28. Qxc4 dxc4 29. Bf4 Nxg3+ 30. Bxg3 Bc6 31. h3 Bd5 32.
Kh2 Rc8 33. Be5 b5 34. Rd4 Rc6 35. Rg4 Rb6 36. Rxg7+ Kf8 37. Rg3 b4 38. axb4 Rxb4 39. Bd6+ Kf7 40. Bxb4 e5 41. Bc3 Ke6 42. Re3 e4 43. g4 1-0

[Event "Live Chess"]
[Site "Chess.com"]
[Date "2024.06.02"]
[Round "-"]
[White "StoreySniper"]
[Black "NeilDruggan73"]
[Result "1-0"]
[WhiteElo "2498"]
[BlackElo "1717"]
[TimeControl "300"]
[EndTime "7:35:54 PDT"]
[Termination "StoreySniper won on time"]

1. e4 d6 2. d4 e6 3. c4 g6 4. Nc3 Bg7 5. f4 c5 6. dxc5 Bxc3+ 7. bxc3 Qa5 8. cxd6 Qxc3+ 9. Bd2 Qd4 10. e5 Nh6 11. Nf3 Qe4+ 12. Be2 Ng4 13. Qb3 O-O 14. Qd3 Qxd3 15.
Bxd3 Nd7 16. h3 Nc5 17. Bc2 Nh6 18. g4 Kg7 19. Bb4 b6 20. Nd2 a5 21. Bxc5 bxc5 22.
Rb1 Ra7 23. Be4 Rd8 24. g5 Nf5 25. Bxf5 gxf5 26. O-O h6 27. h4 hxg5 28. hxg5 Rh8 29. Kg2 Rh4 30. Rb3 a4 31. Rb5 Rb7 32. Nf3 Rxf4 33. Rfb1 Ra7 34. Rxc5 Bb7 35. Rxb7 Rxb7 36. Rb5 Ra7 37. c5 Rc4 38. Kf2 Kg6 39. Ke2 f4 40.
Kd3 Rc1 41. Nd2 Kxg5 42. Rb4 1-0

[Event "Live Chess"]
[Site "Chess.com"]
[Date "2024.06.02"]
[Round "-"]
[White "E2E4colchester"]
[Black "Purple1szed"]
[Result "0-1"]
[WhiteElo "1171"]
[BlackElo "2013"]
[TimeControl "300"]
[EndTime "7:35:59 PDT"]
[Termination "Purple1szed won by checkmate"]

1. d4 d5 2. Nc3 c6 3. f3 Nf6 4. e4 dxe4 5. fxe4 Bg4 6. Nf3 Nbd7 7.
h3 Bxf3 8. Qxf3 Qc7 9. Be3 e5 10. O-O-O O-O-O 11. dxe5 Nxe5 12. Qf5+ Ned7 13. Bxa7 Bb4 14.
Bd4 g6 15. Qf2 Bxc3 16. Bxc3 Nxe4 17. Qxf7 Nxc3 18. bxc3 Qa5 19. Qb3 Nc5 20. Qb2 Rxd1+ 21. Kxd1 Rd8+ 22. Kc1 Na4 23. Qb4 Qg5+ 24. Kb1 Rd1# 0-1

[Event "Live Chess"]
[Site "Chess.com"]
[Date "2024.06.02"]
[Round "-"]
[White "MagnersCarlsberg2870"]
[Black "Pandreq"]
[Result "1-0"]
[WhiteElo "1774"]
[BlackElo "1236"]
[TimeControl "300"]
[EndTime "7:36:04 PDT"]
[Termination "MagnersCarlsberg2870 won by resignation"]

1. d4 d5 2. e4 c6 3. exd5 cxd5 4. Nc3 e6 5. Bf4 Nc6 6. Nb5 Qa5+ 7. c3 Bd6 8. Nxd6+ Kd7 9. Nxf7 a6 10. Nxh8 b5 1-0

[Event "Live Chess"]
[Site "Chess.com"]
[Date "2024.06.02"]
[Round "-"]
[White "matt1979"]
[Black "ProfPoisson"]
[Result "1-0"]
[WhiteElo "1433"]
[BlackElo "1324"]
[TimeControl "300"]
[EndTime "7:36:09 PDT"]
[Termination "matt1979 won by checkmate"]

1. f4 e6 2. Nf3 f5 3. e3 Nf6 4. b3 b6 5. Bb2 Bb7 6. Be2 Bxf3 7. Bxf3 Ne4 8. d3 Qh4+ 9. g3 Nxg3 10. hxg3 Qxg3+ 11. Kd2 Qf2+ 12. Qe2 Qxe2+ 13. Kxe2 c6 14. Nc3 d5 15.
Rhg1 g6 16. Nxd5 cxd5 17. Bxh8 Nc6 18. Rh1 h5 19. Bxh5 gxh5 20. Rxh5 Kd7 21. Rh7+ Kd6 22. Bb2 Be7 23. Rh8 Rxh8 24. Bxh8 a5 25. Rh1 Nb4 26.
Kd2 Nxa2 27. c3 b5 28. Ra1 Nxc3 29. Bxc3 b4 30. Be5+ Kc5 31. Rc1+ Kb5 32. Bd4 a4 33. bxa4+ Kxa4 34. Rb1 Ka3 35. Bb2+ Ka2 36. Kc2 b3+ 37.
Kc1 Ba3 38. Ra1# 1-0

[Event "Live Chess"]
[Site "Chess.com"]
[Date "2024.06.02"]
[Round "-"]
[White "DJ_Lambton"]
[Black "missedJariChance"]
[Result "1-0"]
[WhiteElo "1822"]
[BlackElo "1380"]
[TimeControl "300"]
[EndTime "7:36:17 PDT"]
[Termination "DJ_Lambton won by resignation"]

1. c4 e6 2. g3 d5 3. Bg2 Nf6 4.
Nf3 c5 5. d4 cxd4 6. cxd5 Nxd5 7. Nxd4 Bb4+ 8. Bd2 Bxd2+ 9. Qxd2 O-O 10. O-O Nc6 11.
Nxc6 bxc6 12. Nc3 Ba6 13. Rfe1 Qc7 14. e4 Nxc3 15. Qxc3 Rfd8 16. Rac1 Rac8 17. e5 c5 18. b4 c4 19. a4 Bb7 20. Bxb7 Qxb7 21. Red1 Rxd1+ 22. Rxd1 h6 23. Rc1 Qe4 24. b5 Kh7 25. Qc2 Qxc2 26. Rxc2 Kg6 27. f4 Kf5 28. Kf2 g5 29.
Ke3 Rc5 30. Kd4 Rc7 31. Rxc4 Rxc4+ 32. Kxc4 gxf4 33. gxf4 Kxf4 34. Kd4 Kf5 35. a5 f6 36. exf6 Kxf6 37. b6 a6 38. b7 1-0